 Dungeon Sprint DCSS version 0.31-a0-37-g98a128e1d9 (webtiles) character file.

Game seed: 6606132457874637202

4800000 bmack86 the Executioner (level 19, -94/234 HPs)
             Began as a Troll Warper on May 15, 2023.
             Was the Champion of Makhleb.
             Annihilated by a destroyer
             ... wielding a +9 heavy great sword
              (164 damage)
             ... in the Dungeon (Sprint VIII: "Arena of Blood").
             The game lasted 00:06:11 (48 turns).

bmack86 the Executioner (Troll Warper)                Turns: 48, Time: 00:06:12

Health: -94/234    AC:  4    Str: 24    XL:     19   Next: 13%
Magic:  16/41      EV: 22    Int:  9    God:    Makhleb [******]
Gold:   0          SH:  0    Dex: 15    Spells: 56/56 levels left

rFire   . . .        j - +∞ Axe of Woe
rCold   . . .        (shield currently unavailable)
rNeg    . . .        b - +0 robe
rPois   .            (helmet restricted)
rElec   .            (no cloak)
rCorr   .            (gloves unavailable)
SInv    .            (boots unavailable)
Will    +....        (no amulet)
Stlth   +++++++      g - +30 ring of slaying
HPRegen 1.39/turn    k - +30 ring of slaying
MPRegen 0.27/turn

%: no teleportation
@: hasted, very quick
A: large, unfitting armour, claws 3, regeneration 1, shaggy fur 1, tough skin 1
a: Renounce Religion, Minor Destruction, Lesser Servant of Makhleb, Major
Destruction, Greater Servant of Makhleb


You were in the Dungeon.
You worshipped Makhleb.
Makhleb was exalted by your worship.
You visited 1 branch

Inventory:

Hand Weapons
 a - a +0 hand axe
 j - the +∞ Axe of Woe (weapon)
   (You found it in the Dungeon)
Missiles
 d - 7 boomerangs of dispersal (quivered)
Armour
 b - a +0 robe (worn)
Jewellery
 g - a +30 ring of slaying (left claw)
 k - a +30 ring of slaying (right claw)
Scrolls
 c - a scroll of blinking
Potions
 e - a potion of curing
 f - a potion of heal wounds
 h - 2 potions of magic
 i - a potion of berserk rage


   Skills:
 + Level 24.0 Fighting
 - Level 24.2 Axes
 - Level 0.8 Throwing
 + Level 24.1 Dodging
 + Level 19.1 Stealth
 + Level 19.1 Spellcasting
 + Level 22.3 Translocations


You had 56 spell levels left.
You didn't know any spells.
Your spell library contained the following spells:

 Spells                   Type           Power      Damage    Failure   Level
 Blink                    Tloc           96%        N/A       0%          2
 Lesser Beckoning         Tloc           96%        N/A       0%          2
 Teleport Other           Tloc           48%        N/A       0%          3
 Manifold Assault         Tloc           48%        N/A       0%          4
 Vhi's Electric Charge    Tloc/Air       56%        N/A       1%          3


Dungeon Overview and Level Annotations

Branches:
Dungeon (1/1)

Altars:
Makhleb


Innate Abilities, Weirdness & Mutations

You are too large for most types of armour.
You have claws for hands.
Your natural rate of healing is unusually fast.
You are covered in fur. (AC +1)
You have tough skin. (AC +1)


Message History

Your Fighting skill increases to level 24!
Your Dodging skill increases to level 24!
A destroyer comes into view. It is wielding a +9 heavy great sword.
The accursed appears out of thin air!
An accursed comes into view.
You hear a shout! x3
The destroyer points at you and mumbles some strange words.
The destroyer blinks!
The large bag of meat is engulfed in blazing flames.
The destroyer gestures at you while chanting.
The destroyer blinks!
The eight-headed meat hydra calls on the powers of darkness!
The eight-headed meat hydra convulses!
The bag of meat convulses! x5
The meat berserker convulses!
The bag of meat convulses! x4
Your body is wracked with pain!
* * * LOW HITPOINT WARNING * * *
The bag of meat convulses!
The bag of meat shouts!
The bag of meat convulses!
The large bag of meat convulses!
Flame seeps out of the large bag of meat.
The meat berserker convulses!
A destroyer comes into view. It is wielding a +9 heavy great sword.
The destroyer points at you and mumbles some strange words.
The destroyer blinks!
You hear a shout!
Blink to where?
Press: ? - help, Dir - move target A meat berserker, 4 bags of meat, a large bag of meat and a destroyer come into view.
The destroyer is wielding a +9 heavy great sword.
As you read the scroll of blinking, it crumbles to dust.
The bag of meat shouts!
You hear a shout!
The meat berserker rages.
The destroyer points at you and mumbles some strange words.
The destroyer blinks!
The meat berserker rages.
The destroyer gestures at you while chanting.
The destroyer blinks!
The destroyer hits you with a +9 heavy great sword!!!!!
Ouch! That really hurt!
You die...

.## #####.... . ..
......... ..
#o##.....Oo. .o.
..°.O....§.
...Voo#.#V......#
o.oo.....V....###
Vooo.....M..z...O
...§..o.§@O...o..
..D.o...oV.......
.....o..V........
#....O))#....... .
#...V)§.#.......
..###...V§§O###.....
.......###O§.§......
.......)_O§§........
..#))))O#......


You could see an accursed, an eight-headed meat hydra, 7 destroyers, a sculptor
of flesh, 4 large bags of meat, 4 meat berserkers and 14 bags of meat.

Vanquished Creatures
  Harold (D)
  A vampire knight (D)
  10 ogres (D)
  A two-headed ogre (D)
  14 orcs (D)
27 creatures vanquished.

Notes
Turn   | Place    | Note
-------+----------+-------------------------------------------
     0 | D        | Found the +∞ Axe of Woe
     0 | D        | bmack86 the Troll Warper began the quest for the Orb.
     0 | D        | Reached XP level 1. HP: 19/19 MP: 1/1
     1 | D        | Noticed a bag of meat
     1 | D        | Noticed a bag of meat
     1 | D        | Noticed a bag of meat
     3 | D        | Became a worshipper of Makhleb the Destroyer
     3 | D        | Noticed a bag of meat
     5 | D        | Noticed a meat berserker
     6 | D        | Noticed a bag of meat
     7 | D        | Killed a bag of meat
     7 | D        | Noticed a meat berserker
     7 | D        | Noticed a bag of meat
     8 | D        | Reached XP level 2. HP: 27/27 MP: 2/2
     8 | D        | Reached XP level 3. HP: 33/33 MP: 3/3
     8 | D        | Reached XP level 4. HP: 41/41 MP: 4/4
     8 | D        | Reached XP level 5. HP: 48/48 MP: 5/5
     8 | D        | Reached XP level 6. HP: 55/55 MP: 6/6
     8 | D        | Reached XP level 7. HP: 62/62 MP: 7/7
     8 | D        | Reached XP level 8. HP: 70/70 MP: 8/8
     8 | D        | Reached XP level 9. HP: 76/76 MP: 9/9
     8 | D        | Reached XP level 10. HP: 85/85 MP: 10/10
     8 | D        | Killed a bag of meat
     8 | D        | Reached * piety under Makhleb
     9 | D        | Reached XP level 11. HP: 92/92 MP: 11/11
     9 | D        | Noticed a meat berserker
     9 | D        | Killed a bag of meat
    10 | D        | Reached skill level 5 in Fighting
    10 | D        | Reached skill level 5 in Dodging
    10 | D        | Reached skill level 5 in Translocations
    10 | D        | Reached XP level 12. HP: 111/111 MP: 11/17
    10 | D        | Noticed a bag of meat
    10 | D        | Noticed a meat berserker
    11 | D        | Killed a meat berserker
    11 | D        | Noticed a meat berserker
    12 | D        | Reached XP level 13. HP: 30/128 MP: 11/21
    12 | D        | Killed a meat berserker
    12 | D        | Reached ** piety under Makhleb
    13 | D        | Reached skill level 10 in Fighting
    13 | D        | Reached skill level 10 in Dodging
    13 | D        | Reached XP level 14. HP: 34/144 MP: 11/25
    13 | D        | Noticed a bag of meat
    14 | D        | Killed a bag of meat
    14 | D        | Killed a meat berserker
    16 | D        | Noticed a bag of meat
    17 | D        | Killed a bag of meat
    17 | D        | Reached *** piety under Makhleb
    18 | D        | Reached skill level 10 in Stealth
    18 | D        | Reached skill level 10 in Spellcasting
    18 | D        | Reached XP level 15. HP: 62/161 MP: 11/28
    18 | D        | Killed a meat berserker
    18 | D        | Noticed a meat berserker
    20 | D        | Killed a meat berserker
    21 | D        | Reached skill level 15 in Fighting
    21 | D        | Reached skill level 15 in Dodging
    21 | D        | Reached **** piety under Makhleb
    21 | D        | Noticed a meat berserker
    22 | D        | Reached XP level 16. HP: 124/179 MP: 12/31
    23 | D        | Reached skill level 15 in Translocations
    24 | D        | Noticed a meat berserker
    25 | D        | Killed a meat berserker
    25 | D        | Noticed a large bag of meat
    26 | D        | Reached ***** piety under Makhleb
    28 | D        | Killed a meat berserker
    29 | D        | Reached XP level 17. HP: 196/196 MP: 13/34
    29 | D        | Noticed a large bag of meat
    29 | D        | Noticed a meat berserker
    30 | D        | Noticed The Servant
    30 | D        | Killed The Servant
    30 | D        | Noticed a large bag of meat
    32 | D        | Killed a meat berserker
    33 | D        | Reached XP level 18. HP: 215/215 MP: 13/37
    33 | D        | Noticed a destroyer
    34 | D        | Noticed a large bag of meat
    35 | D        | Noticed a meat berserker
    39 | D        | Noticed a meat berserker
    39 | D        | Noticed an eight-headed meat hydra
    39 | D        | Noticed a destroyer
    41 | D        | Noticed a destroyer
    42 | D        | Killed a meat berserker
    42 | D        | Reached ****** piety under Makhleb
    42 | D        | Noticed a destroyer
    43 | D        | Killed a large bag of meat
    43 | D        | Noticed a destroyer
    43 | D        | Noticed a meat berserker
    44 | D        | Noticed a large bag of meat
    44 | D        | Noticed a meat berserker
    44 | D        | Noticed a destroyer
    44 | D        | Noticed a sculptor of flesh
    44 | D        | Noticed a meat berserker
    45 | D        | Killed a destroyer
    46 | D        | Reached XP level 19. HP: 133/234 MP: 15/41
    46 | D        | Killed a meat berserker
    47 | D        | Noticed a destroyer
    47 | D        | Noticed a destroyer
    48 | D        | Noticed an accursed
    48 | D        | Noticed a meat berserker
    48 | D        | Noticed a large bag of meat
    48 | D        | Noticed a destroyer
    48 | D        | Annihilated by a destroyer

Illustrated notes

Levels and vault maps discovered:
D:        meatsprint

Skill      XL: |  1  2  3  4  5  6  7  8  9 10 11 12 13 14 15 16 17 18 19 |
---------------+----------------------------------------------------------+-----
Axes           | 21 24 | 24.2
Fighting       | 5 8 10 13 15 18 21 23 24 | 24.0
Dodging        | 5 8 10 13 15 18 21 23 24 | 24.1
Stealth        | 3 6 8 10 12 14 16 19 | 19.1
Spellcasting   | 4 6 8 10 12 14 16 19 | 19.1
Translocations | 5 8 9 12 14 17 19 22 | 22.3
Throwing       | |  0.8

Action                     |  1- 3 |  4- 6 |  7- 9 | 10-12 | 13-15 | 16-18 | 19-21 || total
---------------------------+-------+-------+-------+-------+-------+-------+-------++-------
  Melee: Executioner's axe |     1 |       |       |     3 |     6 |    12 |     1 ||    23
    Use: Potion            |     1 |       |       |       |       |       |       ||     1
         Scroll            |       |       |       |       |       |       |     1 ||     1

Table legend: (Time is in decaauts)
 A = Elapsed time spent in this place.
 B = Non-inter-level travel time spent in this place.
 C = Inter-level travel time spent in this place.
 D = Time resting spent in this place.
 E = Time spent auto-exploring this place.
 F = Levels seen in this place.
 G = Mean time per level.
                   A        B        C        D        E       F      G
               +--------+--------+--------+--------+--------+-----+--------+
         Total |     29 |     29 |      0 |      0 |      0 |   1 |   29.0 |
       Dungeon |     29 |     29 |      0 |      0 |      0 |   1 |   29.0 |
               +--------+--------+--------+--------+--------+-----+--------+

Top non-repeatable levels by time:
       D: 29 daAuts
